 Dungeon Crawl Stone Soup version 0.27.1-34-g3ba077fa99 (webtiles) character file.

Game seed: 7176657584116914657

100 Sharkman1231 the Insei (level 4, 0/37 HPs)
             Began as a Draconian Transmuter on Jan 22, 2022.
             Slain by Grinder (6 damage)
             ... on level 3 of the Dungeon.
             The game lasted 00:02:01 (2620 turns).

Sharkman1231 the Insei (Draconian Transmuter)       Turns: 2620, Time: 00:02:02

Health: 0/37       AC:  6    Str: 12    XL:     4   Next: 46%
Magic:  7/7        EV: 12    Int: 14    God:
Gold:   106        SH:  5    Dex: 12    Spells: 1/7 levels left

rFire    . . .     SeeInvis .     - Unarmed
rCold    . . .     Faith    .   (no shield)
rNeg     . . .     Spirit   .   (armour unavailable)
rPois    .         Reflect  +   (helmet restricted)
rElec    .         Harm     .   (no cloak)
rCorr    .         Rampage  .   i - +0 pair of gloves
Will     .....                  (no boots)
Stlth    +.........             d - amulet of reflection
HPRegen  0.12/turn              m - ring of flight
MPRegen  0.10/turn              (no ring)

@: flying
A: AC +5, unfitting armour, cold-blooded
a: no special abilities


You were on level 3 of the Dungeon.
You visited 1 branch of the dungeon, and saw 3 of its levels.

You collected 106 gold pieces.

Inventory:

Armour
 i - a +0 pair of gloves (worn)
Jewellery
 d - an amulet of reflection (around neck)
 m - a ring of flight (left hand)
Wands
 l - a wand of flame (8)
Scrolls
 e - a scroll of identify {unknown}
 f - a scroll of noise {unknown}
 h - 2 scrolls of blinking {unknown}
Potions
 c - 2 potions of lignification {unknown}
 j - a potion of haste {unknown}
 k - a potion of magic {unknown}
 n - a potion of attraction {unknown}


   Skills:
 + Level 2.6 Fighting
 - Level 1.7 Dodging
 * Level 4.1 Unarmed Combat
 - Level 2.0 Spellcasting
 + Level 3.0 Transmutations
 + Level 0.0 Poison Magic


You had one spell level left.
You knew the following spells:

 Your Spells              Type           Power      Damage    Failure   Level
a - Beastly Appendage     Tmut           18%        N/A       7%          1
b - Wereblood             Tmut           9%         N/A       11%         2
c - Spider Form           Tmut/Pois      2%         N/A       36%         3

Your spell library contained the following spells:

 Spells                   Type           Power      Damage    Failure   Level
 Sting                    Tmut/Pois      20%        1d4       13%         1
 Magic Dart               Conj           4%         1d3       24%         1
 Call Imp                 Summ           1%         N/A       34%         2
 Poisonous Vapours        Pois/Air       2%         N/A       34%         2
 Mephitic Cloud           Conj/Pois/Air  1%         N/A       56%         3
 Ice Form                 Ice/Tmut       5%         N/A       77%         4
 Olgreb's Toxic Radiance  Pois           1%         N/A       93%         4


Dungeon Overview and Level Annotations

Branches:
Dungeon (3/15)

Altars:
Cheibriados

Annotations:
D:3 2 runed translucent doors, Grinder; Renzlar's ghost, amateur GnFi


Innate Abilities, Weirdness & Mutations

Your plain brown scales are hard. (AC +5)
You cannot fit into any form of body armour.
You are cold-blooded and may be slowed by cold attacks.


Message History

Found 13 gold pieces.
You see here a +0 scale mail.
Found 4 gold pieces.
You now have 102 gold pieces (gained 13).
You now have 106 gold pieces (gained 4).
Found a silvery potion.
n - a silvery potion A goblin and Grinder come into view.
Found a snail-covered altar of Cheibriados.
Grinder shouts!
Grinder says, "Tell me all your secrets, or I'll kill you."
Grinder gestures at you.
You suddenly lose the ability to move!
The goblin shouts!
A frilled lizard comes into view.
The frilled lizard hisses angrily.
A kobold comes into view. It is wielding a +0 short sword.
Grinder gestures at you. You resist with significant effort.
The kobold shouts!
Grinder blinks!
Grinder hits you.
You writhe in agony.
Grinder hits you.
You writhe in agony.
Grinder hits you.
You writhe in agony.
You can move again.
Unknown command.
Unknown command.
As you read the scroll labelled DIDEPREMU SELATAQ, it crumbles to dust.
You feel aware of your surroundings.
It was a scroll of magic mapping.
Grinder misses you.
As you read the scroll labelled ETUWENI QARE, it crumbles to dust.
It is a scroll of enchant weapon.
You aren't carrying any weapons that can be enchanted.
Grinder hits you but does no damage.
It was a potion of flight.
You feel more buoyant. Grinder hits you!
* * * LOW HITPOINT WARNING * * *
You writhe in agony.
You die...

*,*≈,≈,,,≈,≈* #.......#.#
*,*≈,≈,_.≈.≈* #..........
*,*≈,≈,,.≈.≈* *.#####.#.#
*,*≈,,≈≈≈..≈* *,#####.#.#
***,*,≈≈≈≈≈≈≈.* *<#.......#
,,,,*,,,,,,,,l#********,#.###.###
**,,,********#.,,,,,,,,,#.# #.#
**,>****######.##########.# #.#
,,,,,**,......g5@.........#*#.#
*,***,*,######K############,..#
,** **,,** #.* *,### ** **,,**
#.* *,* * *,*,** #.* *,* **
**,**,**#.** *,* ,**
##.****,,..,* *,*
*,###..***,**#.,* *,*
**,....,*,** *,,* *,*


You could see Grinder, a goblin and a kobold.

Vanquished Creatures
  Ijyb (D:3)
  4 adders
  A worm (D:2)
  A dart slug (D:1)
  2 endoplasms
  4 goblins
  2 hobgoblins
  2 quokkas
  5 ball pythons
  6 bats
  A frilled lizard (D:2)
  7 kobolds
  4 rats
40 creatures vanquished.

Notes
Turn   | Place    | Note
-------+----------+-------------------------------------------
     0 | D:1      | Sharkman1231 the Draconian Transmuter began the quest for
                  | the Orb.
     0 | D:1      | Reached XP level 1. HP: 16/16 MP: 3/3
   316 | D:1      | Reached XP level 2. HP: 23/23 MP: 5/5
  1259 | D:2      | Learned a level 2 spell: Wereblood
  1298 | D:2      | Reached XP level 3. HP: 27/29 MP: 4/6
  1840 | D:3      | Noticed Grinder
  2176 | D:3      | Noticed Ijyb
  2200 | D:3      | Killed Ijyb
  2201 | D:3      | Reached skill level 4 in Unarmed Combat
  2201 | D:3      | Reached XP level 4. HP: 18/37 MP: 7/7
  2267 | D:3      | Found a faded altar of an unknown god.
  2461 | D:3      | Found a runed translucent door.
  2487 | D:3      | Found a runed translucent door.
  2487 | D:3      | Noticed Renzlar's ghost (amateur GnFi)
  2523 | D:3      | Learned a level 3 spell: Spider Form
  2610 | D:3      | Found a snail-covered altar of Cheibriados.
  2610 | D:3      | Paralysed by Grinder for 7 turns
  2620 | D:3      | Slain by Grinder

Illustrated notes

Levels and vault maps discovered:
D:1:      giann_bridges, layout_loops_corners, minmay_octomino_j4
D:2:      layout_basic
D:3:      layout_loops_ring, mainiacjoe_overflow_paths, ebering_ghost_sewer_f,
          ebering_ecumenical_altar_rust, chequers_hall_statues_corner_a,
          uniq_grinder, uniq_ijyb

Skill      XL: |  1  2  3  4 |
---------------+-------------+-----
Fighting       | 2 |  2.6
Unarmed Combat | 4 |  4.1
Transmutations | 3 |  3.0
Dodging        | |  1.7
Spellcasting   | |  2.0

Action                   |  1- 3 |  4- 6 || total
-------------------------+-------+-------++-------
Melee: Unarmed           |   133 |    26 ||   159
       Tailslap          |    14 |     3 ||    17
       Headbutt          |     4 |       ||     4
       Kick              |     6 |     2 ||     8
 Cast: Beastly Appendage |     4 |     1 ||     5
       Wereblood         |     2 |       ||     2
  Use: Scroll            |       |     2 ||     2
       Potion            |       |     1 ||     1
 Stab: Sleeping          |     2 |       ||     2
Armor: Skin              |    33 |    10 ||    43
Dodge: Dodged            |    72 |    13 ||    85
Block: Other             |    24 |     8 ||    32
       Reflection        |       |     1 ||     1
